Map: Orbital Shipyard

Players

Botvinnik - Winner!

  • Race: Terran Terran
  • League: Master

JonnyREcco

  • Race: Zerg Zerg
  • League: Grandmaster

Event: Gauntlet LotV Series 1 Qualifier 2

VOD

Have the link to the VOD?

Description

Time

  • Played on: Dec. 5, 2015, 1:59 p.m.
  • Length: 13:49

All games in this series

Show
View Real Time Build Order
Export as new Build Order

Botvinnik Terran - Winner!

Build Orders: Reaper Expand, Bio Tank, MMM Bio 

Get SALT Encoding   

  12  0:00  SCV  
  13  0:13  SCV  
  14  0:17  Supply Depot  
  14  0:25  SCV  
  15  0:39  SCV  
  15  0:40  Barracks  
  16  0:45  Refinery  
  16  0:51  SCV  
  17  1:04  SCV  
  18  1:16  SCV  
  19  1:29  Reaper, Orbital Command  
  20  1:39  Command Center  
  20  1:50  Supply Depot  
  20  1:53  Refinery  
  20  1:55  SCV  
  21  2:01  Marine  
  21  2:07  SCV  
  23  2:15  Factory  
  23  2:21  Barracks Reactor  
  23  2:22  SCV  
  24  2:35  SCV  
  25  2:48  SCV  
  25  2:51  Orbital Command  
  26  2:57  Marine x2  
  28  3:00  Factory Tech Lab, Starport  
  28  3:03  SCV  
  29  3:14  Marine x2  
  29  3:15  SCV  
  32  3:21  Siege Tank  
  32  3:23  SCV  
  36  3:27  SCV  
  36  3:33  Marine x2  
  39  3:35  SCV  
  39  3:36  Supply Depot  
  39  3:37  Medivac  
  39  3:39  SCV  
  43  3:48  SCV  
  44  3:52  SCV  
  45  3:58  Siege Tank  
  45  3:59  Supply Depot  
  45  4:01  Marine  
  45  4:02  Marine  
  50  4:11  Medivac  
  50  4:14  SCV x2  
  50  4:15  Command Center  
  54  4:22  Supply Depot, Marine x2  
  56  4:26  SCV x2  
  58  4:38  SCV  
  58  4:39  SCV, Engineering Bay  
  58  4:40  Engineering Bay  
  60  4:51  SCV x2  
  62  4:56  Factory Reactor, Starport Reactor  
  62  4:59  Barracks  
  62  5:04  Barracks  
  62  5:09  Marine  
  62  5:10  Terran Infantry Weapons Level 1, Terran Infantry Armor Level 1  
  62  5:11  SCV x2  
  65  5:18  Refinery  
  65  5:19  Supply Depot, Refinery  
  65  5:33  SCV x2  
  65  5:34  Orbital Command  
  65  5:35  Marine  
  68  5:36  Stimpack  
  68  5:41  Barracks x2  
  68  5:44  Supply Depot  
  68  5:45  SCV  
  68  5:46  SCV, Factory Reactor  
  70  5:53  Marine x2  
  70  5:54  Marine  
  73  5:58  SCV x2  
  70  6:12  Marine x4  
  70  6:13  Medivac  
  76  6:19  Orbital Command  
  76  6:21  SCV  
  76  6:22  SCV  
  78  6:26  Marauder  
  78  6:32  Barracks Reactor  
  80  6:33  Factory Tech Lab  
  80  6:34  Marine x2  
  80  6:35  Marine x2  
  80  6:37  SCV  
  80  6:38  Armory, Supply Depot  
  80  6:39  Supply Depot  
  85  6:44  Marine x2  
  87  6:48  SCV, Refinery  
  87  6:49  SCV  
  87  6:50  SCV  
  87  6:53  Marine x2  
  87  6:54  Marauder, Medivac x2, Marine x2  
  95  7:00  SCV  
  101  7:02  SCV  
  101  7:05  SCV  
  101  7:06  Marine x2  
  101  7:07  Siege Tank  
  108  7:08  Supply Depot x2  
  108  7:13  SCV  
  108  7:14  SCV  
  108  7:15  Marauder, Marine x4  
  115  7:20  SCV  
  117  7:28  Supply Depot  
  117  7:29  Supply Depot  
  117  7:30  Medivac x2, Marine x4  
  117  7:31  Terran Infantry Weapons Level 2  
  125  7:39  Marine x3  
  125  7:40  Marauder  
  130  7:45  Marine  
  130  7:47  Marine x2, Terran Infantry Armor Level 2  
  130  7:49  Siege Tank  
  136  7:53  Supply Depot, Marine x2  
  136  7:55  SCV x3  
  140  7:58  Supply Depot  
  140  8:10  Marine x3  
  140  8:11  Marine x2, Marauder  
  145  8:21  Marine x3  
  147  8:28  Marine x4  
  147  8:31  Marine  
  147  8:32  Medivac x2, Siege Tank, Marauder  
  157  8:36  SCV  
  157  8:39  Barracks, Marine x2  
  155  8:43  Marine  
  155  8:46  Marine  
  155  8:47  Marine  
  155  8:48  Marine x2  
  156  8:53  Marauder  
  156  8:55  Marine  
  154  9:00  Barracks  
  154  9:01  Marine  
  154  9:02  Barracks, Marine x2  
  157  9:04  Command Center, Siege Tank, Medivac  
  157  9:06  Combat Shields  
  162  9:15  Marine x2  
  162  9:16  Marauder  
  165  9:24  Supply Depot  
  165  9:25  Marine x6  
  165  9:26  Supply Depot, Medivac  
  173  9:32  Barracks Tech Lab, Terran Vehicle Weapons Level 1  
  173  9:45  Marine x3  
  173  9:46  Siege Tank  
  173  9:48  Medivac  
  180  9:55  Marine x4  
  180  9:56  Barracks Tech Lab, Marauder  
  180  9:57  Barracks Tech Lab, Marine, Marauder  
  180  9:58  Medivac  
  182  10:00  Terran Infantry Weapons Level 3  
  182  10:03  Marine  
  183  10:07  SCV x2  
  185  10:16  Factory  
  185  10:17  Refinery  
  185  10:18  Marauder x2, Medivac  
  177  10:34  Marauder, Marine x6  
  167  10:39  Marauder, Marine x4  
  166  10:50  Terran Infantry Armor Level 3  
  166  10:52  Marine x6  
  166  10:56  Marauder  
  168  10:57  Marine x2  
  168  10:58  Marauder  
  168  10:59  Marauder  
  168  11:00  Marine  
  169  11:09  Marine  
  169  11:10  Marine x2  
  159  11:15  Marine x3  
  159  11:16  Marine x2  
  159  11:17  Marauder  
  144  11:19  Marauder x2  
  144  11:20  Medivac  
  144  11:25  Siege Tank  
  135  11:26  Factory Tech Lab  
  135  11:29  Marine  
  135  11:30  Marauder, Marine x2  
  137  11:34  Planetary Fortress  
  137  11:39  Marauder  
  127  11:42  Marauder, Marine x4  
  127  11:43  Marine  
  127  11:46  Marauder  
  127  11:49  Marine  
  127  11:51  Marauder  
  129  11:58  Medivac x2  
  129  12:00  Marine x3  
  129  12:01  Marine, Marauder  
  138  12:04  Marauder  
  138  12:07  Siege Tank x2  
  147  12:15  Command Center  
  147  12:17  Marauder, Marine x4  
  153  12:27  Marauder, Marine x3  
  153  12:29  Marine  
  156  12:30  Marauder, Marine  
  156  12:31  Medivac x2  
  156  12:34  Marine  
  156  12:35  Marine  
  164  12:40  Marine x2  
  164  12:41  Marauder  
  168  12:45  Marine  
  168  12:48  Marauder, Marine x3  
  168  12:49  Marauder  
  178  12:51  Marauder  
  178  12:52  Marine  
  179  13:00  Marine x2  
  179  13:01  Medivac x2  
  179  13:02  Marauder  
  179  13:05  Marine x2  
  175  13:06  Marine x2  
  175  13:07  Marine  
  175  13:10  Marine, Marauder x2  
  175  13:12  Marine  
  154  13:18  Marine x2  
  137  13:23  Marauder  
  137  13:25  Marine x2  
  137  13:26  Marine x3  
Show
View Real Time Build Order
Export as new Build Order

JonnyREcco Zerg 

Build Orders: Hatch First 

Get SALT Encoding   

  12  0:01  Drone  
  13  0:12  Overlord  
  13  0:17  Drone  
  14  0:31  Drone  
  14  0:32  Drone  
  14  0:35  Drone  
  17  0:51  Hatchery  
  17  0:55  Drone  
  17  0:59  Drone, Extractor  
  17  1:13  Spawning Pool  
  17  1:16  Drone  
  17  1:21  Drone  
  18  1:29  Drone  
  19  1:39  Overlord  
  19  2:00  Zergling x2, Queen  
  22  2:03  Queen  
  22  2:04  Metabolic Boost  
  22  2:08  Drone x2  
  26  2:12  Zergling x2  
  27  2:22  Drone x2  
  29  2:27  Overlord  
  29  2:35  Drone, Queen  
  32  2:44  Drone  
  33  2:47  Drone x2  
  35  2:59  Drone x2  
  35  3:05  Zergling x2  
  38  3:09  Drone  
  38  3:10  Drone x3  
  38  3:11  Overlord  
  42  3:13  Drone x2  
  44  3:25  Hatchery  
  43  3:29  Queen  
  43  3:30  Drone  
  43  3:31  Drone  
  43  3:32  Overlord  
  47  3:34  Drone  
  48  3:44  Extractor  
  48  3:45  Drone x3  
  48  3:47  Drone, Overlord  
  50  3:49  Overlord  
  50  3:54  Drone x3  
  53  4:07  Overlord, Queen  
  55  4:11  Drone x2  
  55  4:15  Zergling x2  
  55  4:16  Zergling x4  
  60  4:22  Drone x2  
  62  4:25  Evolution Chamber  
  62  4:26  Roach Warren  
  62  4:27  Evolution Chamber  
  62  4:28  Drone x3  
  62  4:34  Drone  
  62  4:35  Drone  
  62  4:37  Queen  
  66  4:41  Zergling x4  
  66  4:45  Lair  
  68  4:51  Overlord  
  67  4:53  Drone  
  67  4:54  Drone x2  
  67  4:59  Drone x6  
  75  5:03  Extractor  
  73  5:12  Roach  
  73  5:13  Roach x2  
  78  5:19  Overlord  
  78  5:20  Roach  
  79  5:25  Roach  
  79  5:26  Roach  
  83  5:31  Roach x3  
  83  5:35  Overlord x2, Ravager  
  90  5:38  Extractor  
  90  5:41  Overlord  
  90  5:42  Ravager x2  
  91  5:45  Overlord  
  91  5:46  Roach x2  
  92  6:01  Roach  
  92  6:02  Overlord x3, Roach  
  96  6:06  Glial Reconstitution  
  93  6:12  Overlord  
  93  6:15  Roach x3  
  93  6:16  Drone x4  
  102  6:21  Overlord  
  102  6:28  Overlord  
  102  6:31  Roach x6  
  114  6:36  Overlord  
  114  6:39  Drone x6  
  120  6:42  Overlord, Extractor  
  120  6:43  Extractor  
  120  6:45  Zerg Missile Weapons Level 1  
  118  6:49  Overlord  
  118  6:56  Zerg Ground Armor Level 1  
  118  7:00  Spine Crawler  
  118  7:01  Hatchery, Drone x2  
  117  7:02  Spine Crawler  
  117  7:12  Roach x3  
  117  7:13  Roach x4  
  131  7:16  Roach  
  131  7:17  Roach  
  131  7:18  Zergling x4  
  137  7:31  Drone x4  
  137  7:33  Roach x2  
  145  7:43  Roach x5  
  145  7:44  Roach x5  
  167  7:51  Roach  
  167  7:58  Roach x3  
  172  7:59  Overseer  
  172  8:07  Roach x7  
  172  8:10  Ravager x2  
  158  8:51  Queen x2  
  158  8:52  Queen  
  161  8:56  Spire  
  161  8:57  Spine Crawler  
  159  9:11  Zerg Missile Weapons Level 2  
  159  9:12  Zerg Ground Armor Level 2  
  159  9:15  Overlord  
  156  9:18  Drone x4  
  156  9:19  Drone x2  
  156  9:20  Drone x8, Roach, Extractor  
  156  9:21  Roach  
  156  9:23  Roach  
  175  9:34  Ravager  
  175  9:35  Ravager x3  
  175  9:37  Drone  
  175  9:38  Drone x3  
  182  9:39  Drone  
  184  9:50  Roach  
  184  9:51  Roach x3  
  192  9:59  Infestation Pit  
  191  10:05  Spore Crawler, Spine Crawler, Drone  
  191  10:06  Drone x8, Spine Crawler, Spore Crawler  
  196  10:11  Roach  
  198  10:15  Zerg Flyer Weapons Level 1  
  198  10:18  Extractor x2  
  182  10:30  Roach  
  182  10:31  Roach x8  
  166  10:37  Roach  
  166  10:38  Roach x2  
  166  10:40  Ravager  
  144  10:45  Roach x5  
  154  10:50  Roach x5  
  157  11:06  Roach  
  157  11:07  Roach x8  
  157  11:18  Roach x6  
  119  11:26  Roach x2  
  119  11:27  Roach x6  
  124  11:33  Roach x2  
  128  11:41  Roach  
  128  11:42  Roach x2  
  124  11:48  Roach  
  124  11:52  Roach x2  
  128  11:56  Ravager x6  
  134  12:01  Roach  
  134  12:02  Roach  
  134  12:06  Hatchery  
  134  12:07  Roach  
  141  12:15  Roach  
  141  12:16  Roach x2  
  145  12:26  Roach x10  
  159  12:31  Roach  
  159  12:33  Ravager x3  
  164  12:41  Roach x3  
  170  12:47  Ravager x2  
  172  12:51  Roach  
  172  12:52  Roach x2  
  172  12:58  Roach  
  172  13:10  Roach x10  
  120  13:20  Roach x3  
  106  13:27  Roach  
  106  13:28  Roach  
Tags
 
Add a new tag
Caveats
  • Supply blocks, unpowered buildings, or Contaminate may cause inaccurate times.
  • Supply counts are checked every 10 seconds.